 Dungeon Crawl Stone Soup version bcrawl-1.27.6 (webtiles) character file.

Game seed: 4239270385317693714

222384 DogServant the Archer (level 9, -3/81 HPs)
             Began as a Centaur Hunter on Oct 13, 2020.
             Was a Believer of Okawaru.
             Slain by an enormous slime creature (75 damage)
             ... on level 8 of the Dungeon.
             The game lasted 00:15:56 (8038 turns).

DogServant the Archer (Centaur Hunter)              Turns: 8038, Time: 00:15:57

Health: -3/81      AC:  7    Str: 20    XL:     9   Next: 28%
Magic:  8/9        EV:  9    Int: 11    God:    Okawaru [**....]
Gold:   430        SH:  0    Dex: 10    Spells: 6/8 levels left

rFire    . . .     SeeInvis .   a - +3 shortbow
rCold    . . .     Gourm    .   (shield currently unavailable)
rNeg     . . .     Faith    .   i - +1 ring mail
rPois    .         Spirit   .   (no helmet)
rElec    .         Reflect  .   (no cloak)
rCorr    +         Harm     .   (no gloves)
MR       .....                  (no barding)
Stlth    ++........             (no amulet)
HPRegen  0.23/turn              u - ring of resist corrosion
MPRegen  0.11/turn              s - ring of stealth

@: very quick
A: large, hooves 3, deformed body, herbivore, speed 2, tough skin 3
a: Heroism, Renounce Religion


You were on level 8 of the Dungeon.
You worshipped Okawaru.
Okawaru was pleased with you.
You were near starving.

You visited 2 branches of the dungeon, and saw 9 of its levels.
You also visited: Ossuary.

You collected 430 gold pieces.

Inventory:

Hand Weapons
 a - a +3 shortbow (weapon)
 r - a +0 war axe
Missiles
 d - 196 arrows (quivered)
 n - 42 poisoned tomahawks
Armour
 i - a +1 ring mail (worn)
Jewellery
 s - a ring of stealth (right hand)
 u - a ring of resist corrosion (left hand)
 w - an uncursed ring of resist corrosion
Wands
 c - a wand of scattershot (5)
Scrolls
 f - 12 scrolls of identify
 g - a scroll of enchant armour
 l - 2 scrolls of immolation
 o - 5 scrolls of remove curse
Potions
 b - 2 potions of agility
 h - a potion of ambrosia
 k - a potion of invisibility
 m - a potion of brilliance {unknown}
 q - a potion of lignification
Comestibles
 e - 6 rations {!d}


   Skills:
 + Level 8.0 Fighting
 - Level 2.2 Axes
 + Level 10.7 Bows
 + Level 6.8 Throwing
 - Level 2.4 Armour
 - Level 1.6 Dodging
 - Level 0.5 Stealth


You had 6 spell levels left.
You knew the following spells:

 Your Spells              Type           Power        Failure   Level  Hunger
a - Swiftness             Chrm/Air       #.......     65%         2    ####...

Your spell library contained the following spells:

 Spells                   Type           Power        Failure   Level  Hunger
 Shock                    Conj/Air       #....        52%         1    None
 Static Discharge         Air            #.......     87%         3    #####..
 Airstrike                Air            #.........   99%         4    ######.
 Lightning Bolt           Conj/Air       #.........   100%        5    #######


Dungeon Overview and Level Annotations

Branches:
Dungeon (8/12)             Temple (1/1) D:4
   Lair: D:7-9          Orc: D:8-11

Altars:
Dithmenos
Gozag
Lugonu
Okawaru
Ru
Trog
Wu Jian
Xom
Yredelemnul

Annotations:
D:2 1 runed door
D:5 2 runed translucent doors, Banto's ghost, novice DsGl
D:6 2 transporters, zzzzzzzz's ghost, novice TrCK


Innate Abilities, Weirdness & Mutations

You have hooves in place of feet.
Armour fits poorly on your strangely shaped body.
You are a herbivore.
You cover ground very quickly.
You have extremely tough skin. (AC +3)


Message History

Press: ? - help, Shift-Dir - straight line, f/p - enormous slime creature
Aim: an enormous slime creature (moderately wounded)
You shoot an arrow.
The arrow hits the enormous slime creature.
The enormous slime creature is moderately wounded.
Firing (i - inventory. (/) - cycle)
d - 198 arrows (quivered)
Press: ? - help, Shift-Dir - straight line, f/p - enormous slime creature
Aim: an enormous slime creature (moderately wounded)
You shoot an arrow.
The arrow hits the enormous slime creature!
The enormous slime creature is moderately wounded.
Firing (i - inventory. (/) - cycle)
d - 197 arrows (quivered)
Press: ? - help, Shift-Dir - straight line, f/p - enormous slime creature
Aim: an enormous slime creature (moderately wounded)
You shoot an arrow.
The arrow hits the enormous slime creature.
The enormous slime creature is moderately wounded.
The enormous slime creature hits you!!!!
Ouch! That really hurt!
You die...

#######
#.....#
#@# #J#
#.# #.#
########.#
...>.....#
####....##
#.##.. #
...#


You could see an enormous slime creature.

Vanquished Creatures
  Prince Ribbit (D:6)
  A hungry ghost (D:6)
  Menkaure (D:6)
  A crocodile (D:7)
  An orc warrior (D:7)
  A sky beast (D:4)
  3 ogres
  Blork the orc (D:6)
  3 elf zombies (Ossuary)
  4 scorpions
  2 howler monkeys (D:7)
  6 crimson imps
  A bullfrog zombie (D:7)
  2 hounds
  2 human zombies (Ossuary)
  2 orc priests (D:5)
  A centaur skeleton (D:5)
  An iguana (D:5)
  3 orc wizards
  2 worker ants (D:4)
  A big kobold zombie (Ossuary)
  A killer bee zombie (D:6)
  A hound zombie (Ossuary)
  4 mummies (Ossuary)
  2 worker ant zombies
  4 gnolls (D:6)
  6 adders
  4 shadow imps
  4 oozes
  An adder zombie (Ossuary)
  2 adder skeletons
  3 worms
  3 leopard geckos
  20 orcs
  A bat (D:2)
  2 giant cockroaches
  2 goblins
  10 hobgoblins
  3 jackals
  5 quokkas
  A ball python (D:2)
  4 frilled lizards
  A hobgoblin zombie (Ossuary)
  8 kobolds
  A kobold zombie (Ossuary)
  An orc zombie (Ossuary)
  3 quokka skeletons
  A quokka zombie (D:5)
  2 rats
  A rat zombie (Ossuary)
141 creatures vanquished.

Vanquished Creatures (others)
  A leopard gecko (D:2)
  A kobold (D:2)
  A quokka (D:2)
3 creatures vanquished.

Grand Total: 144 creatures vanquished

Notes
Turn   | Place    | Note
-------+----------+-------------------------------------------
     0 | D:1      | DogServant the Centaur Hunter began the quest for the Orb.
     0 | D:1      | Reached XP level 1. HP: 17/17 MP: 1/1
   189 | D:1      | Reached XP level 2. HP: 24/24 MP: 2/2
  1060 | D:2      | Reached skill level 6 in Bows
  1060 | D:2      | Reached XP level 3. HP: 26/30 MP: 3/3
  1097 | D:2      | Reached skill level 1 in Armour
  1238 | D:2      | Found a runed door.
  1999 | D:3      | Reached XP level 4. HP: 30/38 MP: 4/4
  2241 | D:3      | Found a shimmering altar of Xom.
  2251 | D:3      | Reached skill level 1 in Axes
  2307 | D:3      | Reached XP level 5. HP: 45/45 MP: 5/5
  2809 | D:3      | Reached skill level 7 in Bows
  2809 | D:3      | Reached XP level 6. HP: 39/52 MP: 6/6
  3047 | D:4      | Reached skill level 1 in Throwing
  3327 | D:4      | Reached XP level 7. HP: 45/60 MP: 7/7
  3401 | D:4      | HP: 2/60 [something (5)]
  3423 | D:4      | Reached skill level 5 in Fighting
  3423 | D:4      | Reached skill level 8 in Bows
  3820 | D:4      | Found a staircase to the Ecumenical Temple.
  4004 | Temple   | Entered the Ecumenical Temple
  4009 | Temple   | Became a worshipper of Warmaster Okawaru
  4122 | D:5      | Entered Level 5 of the Dungeon
  4284 | D:5      | Learned a level 2 spell: Swiftness
  4488 | D:5      | Found a runed translucent door.
  4488 | D:5      | Noticed Banto's ghost (novice DsGl)
  4646 | D:5      | Found a runed translucent door.
  4746 | D:5      | HP: 3/61 [orc priest/+0 hand axe (6)]
  5453 | D:5      | Reached XP level 8. HP: 68/70 MP: 8/8
  5724 | D:6      | Found a transporter.
  5725 | D:6      | Noticed zzzzzzzz's ghost (novice TrCK)
  5725 | D:6      | Identified the +5 great mace "Tupn" {freeze, rElec}
  5726 | D:6      | Found a transporter.
  5761 | D:6      | Noticed Blork the orc
  5772 | D:6      | Killed Blork the orc
  5772 | D:6      | Reached * piety under Okawaru
  5847 | D:6      | Noticed Menkaure
  5851 | D:6      | Killed Menkaure
  5851 | D:6      | Reached skill level 9 in Bows
  5896 | D:6      | Found a sand-covered staircase.
  5978 | Ossuary  | Entered an ossuary
  6105 | Ossuary  | Reached skill level 5 in Throwing
  6647 | D:6      | Noticed Prince Ribbit
  6937 | D:6      | Reached ** piety under Okawaru
  6937 | D:6      | Reached skill level 10 in Bows
  7023 | D:6      | Killed Prince Ribbit
  7023 | D:6      | Reached XP level 9. HP: 79/79 MP: 9/9
  7990 | D:7      | Noticed a cyclops
  8038 | D:8      | Slain by an enormous slime creature

Skill      XL: |  1  2  3  4  5  6  7  8  9 |
---------------+----------------------------+-----
Bows           | 6 7 8 10 | 10.7
Armour         | 1 2 |  2.4
Fighting       | 3 4 5 7 8 |  8.0
Axes           | 1 2 |  2.2
Throwing       | 2 4 6 |  6.8
Dodging        | |  1.6
Stealth        | |  0.5

Action                   |  1- 3 |  4- 6 |  7- 9 || total
-------------------------+-------+-------+-------++-------
Melee: Short sword       |    21 |       |       ||    21
       Hand axe          |    64 |       |       ||    64
       Kick              |    12 |    15 |    26 ||    53
       War axe           |       |    62 |    94 ||   156
       Shortbow          |       |       |     2 ||     2
 Fire: Shortbow          |    36 |    92 |   346 ||   474
Throw: Tomahawk          |       |    21 |       ||    21
Invok: Heroism           |       |       |     2 ||     2
  Use: Scroll            |       |       |    13 ||    13
       Potion            |       |       |     9 ||     9
  Eat: Ration            |     1 |     3 |     7 ||    11
Armor: Ring mail         |    48 |    42 |   107 ||   197
       Skin              |       |       |    16 ||    16
Dodge: Dodged            |    36 |    30 |    88 ||   154
